 Dungeon Crawl Stone Soup version 0.26-a0-663-g36e8fdb655 (webtiles) character file.

Game seed: 6581393721907928599

0 Gargoyl the Skirmisher (level 1, -5/23 HPs)
             Began as a Gnoll Abyssal Knight on Oct 11, 2020.
             Was a Follower of Lugonu.
             Slain by a small abomination (11 damage)
             ... on level 3 of the Abyss.
             The game lasted 00:00:39 (241 turns).

Gargoyl the Skirmisher (Gnoll Abyssal Knight)        Turns: 241, Time: 00:00:40

Health: -5/23      AC:  7    Str: 14    XL:     1   Next: 0%
Magic:  3/3        EV: 10    Int: 14    God:    Lugonu [*.....]
Gold:   0          SH:  0    Dex: 14    Spells: 0/0 levels left

rFire    . . .     SeeInvis .   a - +1 hand axe
rCold    . . .     Faith    .   (no shield)
rNeg     . . .     Spirit   .   d - +0 scale mail
rPois    .         Reflect  .   (no helmet)
rElec    .         Harm     .   (no cloak)
rCorr    .         Rampage  .   (no gloves)
MR       .....                  (no boots)
Stlth    ..........             (no amulet)
HPRegen  0.07/turn              (no ring)
MPRegen  0.08/turn              (no ring)

@: no status effects
A: distributed training, fangs 1, strong nose
a: Depart the Abyss, Renounce Religion


You were on level 3 of the Abyss.
You worshipped Lugonu.
Lugonu was aware of your devotion.
You visited 0 branches of the dungeon, and saw 0 of its levels.
You visited the Abyss 1 time.

Inventory:

Hand Weapons
 a - a +1 hand axe (weapon)
Armour
 b - a +0 leather armour
 d - a +0 scale mail (worn)


   Skills:
 + Level 6.4 Fighting
 + Level 0.0 Short Blades
 + Level 0.0 Long Blades
 + Level 4.4 Axes
 + Level 0.0 Maces & Flails
 + Level 0.0 Polearms
 + Level 0.0 Staves
 + Level 0.0 Slings
 + Level 0.0 Bows
 + Level 0.0 Crossbows
 + Level 0.0 Throwing
 + Level 4.4 Armour
 + Level 2.3 Dodging
 + Level 0.0 Stealth
 + Level 0.0 Shields
 + Level 0.0 Unarmed Combat
 + Level 0.0 Spellcasting
 + Level 0.0 Conjurations
 + Level 0.0 Hexes
 + Level 0.0 Summonings
 + Level 0.0 Necromancy
 + Level 0.0 Translocations
 + Level 0.0 Transmutations
 + Level 0.0 Fire Magic
 + Level 0.0 Ice Magic
 + Level 0.0 Air Magic
 + Level 0.0 Earth Magic
 + Level 0.0 Poison Magic
 + Level 4.4 Invocations
 + Level 0.0 Evocations


You couldn't memorise any spells.
You didn't know any spells.
Your spell library was empty.

Dungeon Overview and Level Annotations

Branches:
Dungeon (0/15)

Altars:


Innate Abilities, Weirdness & Mutations

Your experience applies equally to all skills.
You have very sharp teeth.
Your uncanny sense of smell can sniff out nearby items.


Message History

A tentacle flies out from the starspawn's body!
A starspawn tentacle comes into view.
A large abomination comes into view.
A starspawn tentacle comes into view.
Found a gateway leading deeper into the Abyss.
You enter the shallow water.
Moving in this stuff is going to be slow.
You are suddenly pulled into a different region of the Abyss!
Found a gateway leading deeper into the Abyss.
A large abomination comes into view.
A small abomination comes into view.
A smoke demon comes into view.
The smoke demon roars!
The small abomination hits you. The smoke demon gestures at you.
Something smites you!
Ouch! That really hurt!
* * * LOW HITPOINT WARNING * * *
The small abomination hits you!
You die...

.#. # .. . . #.###..
.#.#. .#.. ...
...#.#..##..##..#.### .
...##..#.#....#.#..#.
.. .#..ยง#3...##....#
..##
.....#...##.#...#....#
#.#....#...##...## .
#............# . ..
.....#@x##.##....##....
.#.. ##........#...# .#
. ......#.. ...####
.##.##.#.###..##.#
##....##....#.#..#
##.... .#.#. ..##.
.#..... #.#...... ..#.
#. ....#. . ####.##.


You could see a smoke demon and a small abomination.

Vanquished Creatures (others)
  A plant (Abyss:3)
  4 starspawn tentacles (Abyss:3)
5 creatures vanquished.

Notes
Turn   | Place    | Note
-------+----------+-------------------------------------------
     0 | Abyss:1  | Gargoyl the Gnoll Abyssal Knight began the quest for the
                  | Orb.
     0 | Abyss:1  | Reached XP level 1. HP: 23/23 MP: 3/3
   131 | Abyss:3  | Noticed a tentacled starspawn
   136 | Abyss:3  | Noticed a rakshasa
   136 | Abyss:3  | Noticed a large abomination
   141 | Abyss:3  | Noticed a large abomination
   222 | Abyss:3  | Noticed a large abomination
   231 | Abyss:3  | Noticed a small abomination
   237 | Abyss:3  | Noticed a smoke demon
   241 | Abyss:3  | Slain by a small abomination

Illustrated notes

Levels and vault maps discovered:
Abyss:3:  guppyfry_abyss_exit_spiral_guarded,
          hangedman_abyss_rune_flesh_and_stone, serial_sigils_hangedman_quiver,
          dshaligram_kb_abyss_rune_zappy_water_cross, hangedman_abyss_theft

Action                   || total
-------------------------++-------
  Use: Scroll            ||     2

Table legend: (Time is in decaauts)
 A = Elapsed time spent in this place.
 B = Non-inter-level travel time spent in this place.
 C = Inter-level travel time spent in this place.
 D = Time resting spent in this place.
 E = Time spent auto-exploring this place.
 F = Levels seen in this place.
 G = Mean time per level.
                   A        B        C        D        E       F      G
               +--------+--------+--------+--------+--------+-----+--------+
         Total |    241 |    241 |      0 |      0 |    138 |   3 |   80.3 |
         Abyss |    241 |    241 |      0 |      0 |    138 |   3 |   80.3 |
               +--------+--------+--------+--------+--------+-----+--------+

Top non-repeatable levels by time:
 Abyss:3: 117 daAuts
 Abyss:1: 95 daAuts
 Abyss:2: 28 daAuts
